 Dungeon Crawl Stone Soup version 0.23-b1-3-gdda8187c6f (webtiles) character file.

Game seed: 8803338945485165657

11981 Gunterle the Conjurer (level 11, -28/79 HPs)
             Began as a Mummy Wizard on Jan 31, 2019.
             Was a Priest of Ashenzari.
             Annihilated by an ettin
             ... wielding a +0 dire flail
              (38 damage)
             ... on level 1 of the Orcish Mines on Feb 1, 2019.
             The game lasted 02:32:17 (21858 turns).

Gunterle the Conjurer (Mummy Wizard)               Turns: 21858, Time: 02:32:17

Health: -28/79     AC:  7    Str: 10    XL:     11   Next: 56%
Magic:  4/21       EV: 13    Int: 21    God:    Ashenzari [***...]
Gold:   690        SH:  0    Dex: 14    Spells: 5/24 levels left

rFire    x . .     SeeInvis +   t - +2 dagger (elec) (curse)
rCold    + . .     Gourm    .   (no shield)
rNeg     + + +     Faith    .   a - +0 robe
rPois    ∞         Spirit   .   s - +0 helmet (curse)
rElec    .         Reflect  .   x - +2 cloak
rCorr    .         Harm     .   F - +0 pair of gloves
MR       +....                  (no boots)
Stlth    +++.......             (no amulet)
HPRegen  0.23/turn              g - ring of stealth (curse)
MPRegen  0.17/turn              y - +3 ring of dexterity (curse)

@: no status effects
A: no food or potions, fire vulnerability, cold resistance 1, negative energy
resistance 3, torment resistance, unbreathing
a: Curse Item, Scrying, Renounce Religion


You were on level 1 of the Orcish Mines.
You worshipped Ashenzari.
Ashenzari was most pleased with you.
You were not hungry.

You visited 4 branches of the dungeon, and saw 15 of its levels.

You collected 979 gold pieces.
You spent 289 gold pieces at shops.

Inventory:

Hand Weapons
 d - a +0 falchion
 e - a +0 whip
 f - a +0 dagger
 m - a +0 hunting sling
 t - a cursed +2 dagger of electrocution (weapon)
 z - a +1 dagger of chaos
 A - a +3 dagger of flaming
 B - a +3 shortbow
 E - a +1 whip of electrocution
Missiles
 b - a throwing net (quivered)
 c - 416 stones
 i - 136 bolts
 l - 66 sling bullets
 n - 33 poisoned needles
 p - 136 arrows
Armour
 a - a +0 robe (worn)
 j - a +0 troll leather armour
 s - a cursed +0 helmet (worn)
 x - a +2 cloak (worn)
 D - a +0 buckler
 F - a +0 pair of gloves (worn)
Magical Staves
 u - an uncursed staff of death
Jewellery
 g - a cursed ring of stealth (left hand)
 y - a cursed +3 ring of dexterity (right hand)
 N - an uncursed ring of protection from cold
Wands
 r - a wand of random effects (15)
 G - a wand of digging (5)
 J - a wand of enslavement (5)
Scrolls
 h - 5 scrolls of teleportation
 k - 3 scrolls of fog
 o - 3 scrolls of identify
 q - 3 scrolls of amnesia
 v - 2 scrolls of immolation
 w - 3 scrolls of remove curse
 C - a scroll of magic mapping
 H - a scroll of blinking
 K - a scroll of summoning
 L - a scroll of enchant armour


   Skills:
 + Level 5.0 Fighting
 + Level 4.2(7.0) Short Blades
 + Level 2.4 Armour
 + Level 3.5 Dodging
 - Level 1.5 Stealth
 + Level 7.3 Spellcasting
 + Level 7.4(9.3) Conjurations
 - Level 2.2(3.7) Hexes
 - Level 4.3(6.1) Summonings
 + Level 2.3(3.8) Necromancy
 - Level 3.4(5.1) Translocations
 + Level 5.3(7.2) Fire Magic
 + Level 3.7(5.4) Air Magic
 + Level 4.0(5.7) Poison Magic
 - Level 2.4(4.0) Evocations


You had 5 spell levels left.
You knew the following spells:

 Your Spells              Type           Power        Failure   Level  Hunger
a - Magic Dart            Conj           ####         1%          1    N/A
b - Blink                 Tloc           N/A          1%          2    N/A
c - Slow                  Hex            ###.....     2%          2    N/A
d - Call Imp              Summ           ####....     1%          2    N/A
e - Conjure Flame         Conj/Fire      #####...     1%          3    N/A
f - Mephitic Cloud        Conj/Pois/Air  #####...     1%          3    N/A
g - Shroud of Golubria    Chrm/Tloc      ###.......   4%          2    N/A
h - Vampiric Draining     Necr           ###.......   5%          3    N/A
i - Animate Skeleton      Necr           N/A          1%          1    N/A

Your spell library contained the following spells:

 Spells                   Type           Power        Failure   Level  Hunger
 Pain                     Necr           ###.         1%          1    N/A
 Infusion                 Chrm           #...         8%          1    N/A
 Song of Slaying          Chrm           #.......     12%         2    N/A
 Spectral Weapon          Hex/Chrm       ###.....     12%         3    N/A
 Animate Dead             Necr           N/A          17%         4    N/A
 Regeneration             Chrm/Necr      Unusable     N/A         3    N/A

Dungeon Overview and Level Annotations

Branches:
Dungeon (11/15)            Temple (1/1) D:4            Lair (2/6) D:8
    Orc (1/2) D:9
  Swamp: Lair:2-4    Shoals: Lair:2-4     Snake: Lair:2-4    Spider: Lair:2-4

Altars:
Ashenzari
Cheibriados
Dithmenos
Elyvilon
Fedhas
Gozag
Hepliaklqana
Kikubaaqudgha
Makhleb
Nemelex Xobeh
Okawaru
Qazlal
Ru
Sif Muna
Trog
Uskayaw
Vehumet
Wu Jian
Xom
Yredelemnul
Zin
The Shining One

Shops:
D:4 *   D:6 *   D:10 ?

Annotations:
D:3 Robin
Lair:2 exclusion: oklob plant


Innate Abilities, Weirdness & Mutations

You do not eat or drink.
Your flesh is vulnerable to fire.
You are immune to poison.
Your flesh is cold resistant. (rC+)
You are immune to negative energy. (rN+++)
You are immune to unholy pain and torment.
You can survive without breathing.


Message History

Aiming: Paralyse
Press: ? - help, Shift-Dir - straight line, f/p - ettin
Aim: an ettin, wielding two +0 dire flails (severely wounded, chance to defeat MR: 40%)
The ettin resists with some effort.
Evoke which item? (* to show all) (? for menu, Esc to quit)
Aiming: Paralyse
Press: ? - help, Shift-Dir - straight line, f/p - ettin
Aim: an ettin, wielding two +0 dire flails (severely wounded, chance to defeat MR: 40%)
The ettin resists with some effort.
The ettin hits you with a +0 dire flail!!
* * * LOW HITPOINT WARNING * * *
The ettin completely misses you.
Your crimson imp blinks!
Evoke which item? (* to show all) (? for menu, Esc to quit)
Aiming: Paralyse
Press: ? - help, Shift-Dir - straight line, f/p - ettin
Aim: an ettin, wielding two +0 dire flails (severely wounded, chance to defeat MR: 40%)
The ettin resists with some effort.
The now-empty wand crumbles to dust.
The ettin hits you with a +0 dire flail!!!
You die...

#...#### #......##
##.......## , * ##.,
#.....# #.#..##*##...#
,* *#....###....# ##
#..#..#.## ##.###
*#...[.### .. *
#.....####)@..#
.o##*#......##.C)..##
....##.,#...#.......#
#......**#$..)..#...##
##....* ##...####...#
#.....###..#..##..5##
,,#.C..[$##...#....#
,##.))).##.......## ,
*###..#####.....## *,


You could see an ettin and a friendly crimson imp.

Vanquished Creatures
  2 two-headed ogres
  A cyclops (D:9)
  An elephant (D:7)
  3 spiny frogs
  2 komodo dragons (Lair:1)
  A troll (D:9)
  3 hornets
  3 hippogriffs
  A blink frog (Lair:2)
  2 wyverns
  3 yaks (D:9)
  A basilisk (D:8)
  2 hungry ghosts (D:9)
  2 soldier ants (D:10)
  2 water moccasins
  A porcupine (Lair:1)
  A sky beast (D:7)
  4 orc warriors
  An eye of draining (D:9)
  4 phantoms
  A necrophage (D:9)
  6 wolves (Lair:1)
  4 ogres
  3 crocodiles
  6 bullfrogs
  2 scorpions
  2 troll zombies (D:9)
  3 killer bees (D:9)
  3 wights
  3 crimson imps
  A bullfrog zombie (D:9)
  3 centaur zombies
  A quasit (D:9)
  4 orc priests
  4 iguanas
  6 orc wizards
  7 worker ants
  11 hell rats (Lair:1)
  3 ogre zombies (D:9)
  A hound skeleton (D:10)
  A worker ant zombie (D:5)
  11 adders
  4 gnolls (D:8)
  11 river rats (Lair:1)
  2 shadow imps
  An ooze (D:7)
  2 adder skeletons
  2 worms
  7 dart slugs
  6 leopard geckos
  17 orcs
  10 bats
  3 giant cockroaches
  9 goblins
  5 hobgoblins
  3 jackals (D:9)
  10 quokkas
  5 ball pythons
  7 frilled lizards
  2 goblin skeletons (D:9)
  A hobgoblin skeleton (D:9)
  2 hobgoblin zombies (D:9)
  A jackal skeleton (D:4)
  A jackal zombie (D:9)
  8 kobolds
  A leopard gecko skeleton (D:4)
  2 orc skeletons (D:9)
  9 orc zombies (D:9)
  20 rats
277 creatures vanquished.

Vanquished Creatures (collateral kills)
  A two-headed ogre (D:6)
  A spiny frog (Lair:1)
  A troll (D:9)
  A hippogriff (D:10)
  2 yaks (D:9)
  A hungry ghost (D:9)
  A water moccasin (Lair:1)
  2 orc warriors
  An ice beast (D:7)
  A phantom (D:10)
  A sky beast (D:7)
  An eye of draining (D:8)
  An ogre (Orc:1)
  A centaur (D:7)
  3 bullfrogs
  A gnoll sergeant (D:8)
  A scorpion (D:6)
  2 killer bees (D:9)
  3 howler monkeys (D:10)
  An electric eel (Lair:1)
  4 crimson imps
  A bullfrog zombie (D:6)
  An orc priest (D:10)
  4 hounds
  2 bullfrog skeletons
  A worker ant (D:10)
  An iguana (D:6)
  An orc wizard (D:9)
  A killer bee zombie (D:6)
  An ogre zombie (D:9)
  3 gnolls (D:8)
  A river rat (D:3)
  3 adders
  An adder skeleton (D:5)
  A leopard gecko (D:10)
  5 orcs (D:6)
  A quokka (D:5)
  An orc zombie (D:9)
  A quokka skeleton (D:6)
61 creatures vanquished.

Vanquished Creatures (others)
  A wyvern skeleton (D:9)
1 creature vanquished.

Grand Total: 339 creatures vanquished

Notes
Turn   | Place    | Note
-------+----------+-------------------------------------------
     0 | D:1      | Gunterle the Mummy Wizard began the quest for the Orb.
     0 | D:1      | Reached XP level 1. HP: 13/13 MP: 5/5
    29 | D:1      | Reached skill level 1 in Conjurations
   549 | D:1      | Reached XP level 2. HP: 19/19 MP: 5/7
   553 | D:1      | Learned a level 2 spell: Blink
   556 | D:1      | Learned a level 2 spell: Slow
   559 | D:1      | Learned a level 2 spell: Call Imp
  1101 | D:1      | Reached skill level 1 in Summonings
  1101 | D:1      | Reached skill level 1 in Translocations
  1446 | D:1      | Reached XP level 3. HP: 24/24 MP: 5/8
  1451 | D:1      | Learned a level 3 spell: Conjure Flame
  2816 | D:3      | Reached XP level 4. HP: 30/30 MP: 8/10
  2826 | D:3      | Noticed Robin
  2990 | D:3      | Found a basalt altar of Yredelemnul.
  4262 | D:3      | Reached skill level 1 in Fire Magic
  4444 | D:3      | Reached XP level 5. HP: 13/35 MP: 2/11
  5031 | D:4      | Found Etuezoh's General Store.
  5039 | D:4      | Bought a cursed +0 helmet for 49 gold pieces
  5149 | D:4      | Found a staircase to the Ecumenical Temple.
  5298 | D:5      | Entered Level 5 of the Dungeon
  5338 | D:5      | Found a hide-covered altar of Uskayaw.
  5372 | Temple   | Entered the Ecumenical Temple
  5623 | Temple   | Became a worshipper of Ashenzari the Shackled
  5927 | D:4      | Reached XP level 6. HP: 41/41 MP: 4/12
  6126 | D:4      | Found an ornate altar of the Wu Jian Council.
  6884 | D:5      | Learned a level 3 spell: Mephitic Cloud
  7155 | D:5      | Reached XP level 7. HP: 37/46 MP: 2/13
  7312 | D:5      | Found a shimmering altar of Xom.
  7312 | D:5      | Found a burning altar of Makhleb.
  7736 | D:6      | Found Zin's Purification Station.
  7736 | D:6      | Found a glowing silver altar of Zin.
  8172 | D:6      | Noticed a two-headed ogre
  8451 | D:6      | Found a glowing golden altar of the Shining One.
  8522 | D:6      | Killed a two-headed ogre
  8522 | D:6      | Reached skill level 1 in Fighting
  8522 | D:6      | Reached skill level 5 in Conjurations
  8522 | D:6      | Reached XP level 8. HP: 54/54 MP: 1/14
  8817 | D:7      | Reached skill level 1 in Short Blades
  9110 | D:7      | Found a radiant altar of Vehumet.
  9278 | D:7      | Reached * piety under Ashenzari
  9869 | D:8      | Found a staircase to the Lair.
  9869 | D:8      | Noticed an elephant
  9869 | D:8      | Noticed a hippogriff
  9962 | D:7      | Killed an elephant
  9962 | D:7      | Reached skill level 1 in Evocations
 10122 | D:8      | Reached skill level 1 in Poison Magic
 10139 | D:8      | Reached skill level 1 in Air Magic
 10139 | D:8      | Reached XP level 9. HP: 34/61 MP: 0/15
 10978 | D:8      | Noticed a two-headed ogre
 11442 | D:8      | Reached skill level 5 in Spellcasting
 11779 | D:9      | Reached ** piety under Ashenzari
 12011 | D:9      | Learned a level 2 spell: Shroud of Golubria
 12173 | D:9      | Noticed a troll
 12195 | D:9      | Noticed a cyclops
 12435 | Lair:1   | Entered Level 1 of the Lair of Beasts
 12445 | Lair:1   | Noticed a komodo dragon
 12772 | Lair:1   | Killed a komodo dragon
 12939 | Lair:1   | Reached XP level 10. HP: 59/70 MP: 4/18
 13075 | Lair:1   | Noticed a spiny frog
 13229 | Lair:1   | Killed a spiny frog
 13535 | Lair:1   | Noticed a spiny frog
 13551 | Lair:1   | Killed a spiny frog
 13551 | Lair:1   | Reached skill level 1 in Hexes
 13925 | Lair:1   | Noticed a spiny frog
 14298 | Lair:1   | Noticed a spiny frog
 14769 | D:9      | Found a staircase to the Orcish Mines.
 16282 | D:9      | Killed a cyclops
 16495 | D:9      | Reached skill level 1 in Armour
 17303 | D:10     | Entered Level 10 of the Dungeon
 17311 | D:10     | Noticed a two-headed ogre
 17418 | D:10     | Learned a level 3 spell: Vampiric Draining
 17667 | D:9      | Reached skill level 5 in Fire Magic
 18045 | D:10     | Learned a level 1 spell: Animate Skeleton
 18083 | D:10     | Reached XP level 11. HP: 77/78 MP: 9/21
 18143 | D:10     | Killed a two-headed ogre
 18143 | D:10     | Reached skill level 1 in Necromancy
 18415 | D:10     | Found Omnociek's Magic Scroll Emporium.
 18467 | D:10     | Bought a scroll of summoning for 114 gold pieces
 18467 | D:10     | Bought a scroll of enchant armour for 90 gold pieces
 18467 | D:10     | Bought a scroll of remove curse for 36 gold pieces
 19051 | Orc:1    | Entered Level 1 of the Orcish Mines
 19300 | Orc:1    | Noticed an ettin
 20018 | D:8      | Killed a two-headed ogre
 21256 | Lair:2   | Reached *** piety under Ashenzari
 21256 | Lair:2   | Noticed an oklob plant
 21264 | Lair:2   | Reached skill level 5 in Fighting
 21269 | Lair:2   | Noticed a six-headed hydra
 21346 | Lair:2   | Noticed an eight-headed hydra
 21858 | Orc:1    | Annihilated by an ettin

Skill      XL: |  1  2  3  4  5  6  7  8  9 10 11 |
---------------+----------------------------------+-----
Conjurations   | 1 2 3 4 5 6 7 |  7.4
Summonings     | 1 2 3 4 |  4.3
Translocations | 1 2 3 |  3.4
Fire Magic     | 1 2 3 4 5 |  5.3
Fighting       | 1 2 3 4 5 |  5.0
Short Blades   | 1 2 3 4 |  4.2
Evocations     | 1 2 |  2.4
Poison Magic   | 1 2 3 4 |  4.0
Air Magic      | 1 2 3 |  3.7
Spellcasting   | 5 6 7 |  7.3
Dodging        | 3 |  3.5
Hexes          | 2 |  2.2
Armour         | 1 2 |  2.4
Necromancy     | 2 |  2.3
Stealth        | |  1.5

Action                   |  1- 3 |  4- 6 |  7- 9 | 10-12 || total
-------------------------+-------+-------+-------+-------++-------
Melee: Mace              |     1 |       |       |       ||     1
       Whip              |       |    33 |       |       ||    33
       Dagger            |       |     7 |   138 |   485 ||   630
Throw: Stone             |       |       |     1 |     3 ||     4
       Throwing net      |       |       |       |     1 ||     1
 Cast: Magic Dart        |   107 |   187 |    86 |    75 ||   455
       Call Imp          |       |    29 |   143 |    92 ||   264
       Blink             |       |       |    10 |     4 ||    14
       Conjure Flame     |       |       |     1 |       ||     1
       Mephitic Cloud    |       |       |    10 |    96 ||   106
       Shroud of Golubri |       |       |       |     7 ||     7
       Animate Skeleton  |       |       |       |     5 ||     5
Invok: Curse Item        |       |     1 |     2 |       ||     3
Evoke: Wand              |       |     1 |    30 |     9 ||    40
  Use: Scroll            |     7 |     3 |     2 |     7 ||    19
 Stab: Sleeping          |       |     1 |     2 |       ||     3
       Distracted        |       |       |     4 |     1 ||     5
       Confused          |       |       |     4 |    37 ||    41
       Paralysed         |       |       |       |     2 ||     2
Armor: Robe              |     4 |    15 |    30 |    77 ||   126
Dodge: Dodged            |    20 |    53 |    90 |   280 ||   443
